cohdb
Replays
Latest Replays
All Replays
Popular Replays
Top Player Replays
Match Explorer
How It Works
Community
CoH3 Stats
Reddit
Sign in to upload your games and track your stats! →
Sign in with Steam
Match 40446850
Unlisted
Match 40446850
Overview
Messages
Build Orders
End
Construct Section Command Post
Vickers Machine Gun Team
Selects Canadian Shock Battlegroup
Dingo Light Scout Car
Infantry Section
Infantry Section
Selects Attacking Spirit
Infantry Section
Selects Canadian Shock Section
Selects Incendiary Munitions
Grenade Package
Construct Platoon Command Post
Construct Field Infirmary
Shade
HulkSMASH
Leiarde
stormbangbang
0
0
Comments
sign in to comment!
No comments posted yet!